 Dungeon Crawl Stone Soup version 0.21.0 (webtiles) character file.

171 Hekarica the Sneak (level 5, -9/26 HPs)
             Began as a Spriggan Assassin on May 25, 2018.
             Was a Believer of Yredelemnul.
             Mangled by a river rat (10 damage)
             ... summoned by Hekarica's ghost
             ... on level 4 of the Dungeon.
             The game lasted 00:19:06 (3641 turns).

Hekarica the Sneak (Spriggan Assassin)              Turns: 3641, Time: 00:19:08

Health: -9/26      AC:  3    Str: 12    XL:     5   Next: 26%
Magic:  6/6        EV: 24    Int: 13    God:    Yredelemnul [**....]
Gold:   150        SH:  7    Dex: 23    Spells: 4/4 levels left

rFire    . . .     SeeInvis +   a - +2 dagger
rCold    . . .     Gourm    .   i - +0 buckler
rNeg     . . .     Faith    .   k - +0 robe
rPois    .         Spirit   .   (helmet restricted)
rElec    .         Reflect  .   d - +0 cloak
rCorr    .         Harm     .   (gloves unavailable)
MR       .....                  (boots unavailable)
Stlth    +++++.....             (no amulet)
HPRegen  0.08/turn              (no ring)
MPRegen  0.10/turn              (no ring)

@: mighty, agile, very quick
A: very small, unfitting armour, see invisible, herbivore, speed 3, slow
metabolism 2
a: Animate Remains, Recall Undead Slaves, Injury Mirror, Renounce Religion


You were on level 4 of the Dungeon.
You worshipped Yredelemnul.
Yredelemnul was pleased with you.
You were not hungry.

You visited 2 branches of the dungeon, and saw 5 of its levels.

You collected 150 gold pieces.

Inventory:

Hand Weapons
 a - a +2 dagger (weapon)
 b - a +2 blowgun
Missiles
 e - 42 poisoned needles
 f - 2 curare-tipped needles
 s - 5 tomahawks (quivered)
Armour
 d - a +0 cloak (worn)
 i - a +0 buckler (worn)
 k - a +0 robe (worn)
Scrolls
 c - a scroll of random uselessness {unknown}
 h - 3 scrolls of teleportation
 j - a scroll of remove curse
 u - a scroll of amnesia
Potions
 m - 2 potions of flight
 n - a potion of might
 o - a potion of curing
 p - a potion of agility
 r - 2 potions of heal wounds {unknown}
 t - a potion of lignification {unknown}
Books
 l - a book of Cantrips

   Spells                             Type                      Level
   a - Confusing Touch                Hexes                        1
   b - Animate Skeleton               Necromancy                   1
   c - Summon Small Mammal            Summoning                    1
   d - Apportation                    Translocation                1
 q - a book of Changes

   Spells                             Type                      Level
   a - Beastly Appendage              Transmutation                1
   b - Sticks to Snakes               Transmutation                2
   c - Spider Form                    Transmutation/Poison         3
   d - Ice Form                       Ice/Transmutation            4
   e - Blade Hands                    Transmutation                5
Comestibles
 g - 7 rations


   Skills:
 - Level 2.0 Fighting
 - Level 3.1 Short Blades
 - Level 2.0 Throwing
 + Level 3.4 Dodging
 + Level 6.8 Stealth
 * Level 2.0 Shields
 + Level 0.8 Invocations


You had 4 spell levels left.
You didn't know any spells.

Dungeon Overview and Level Annotations

Branches:
Dungeon (4/15)             Temple (1/1) D:4

Altars:
Ashenzari
Cheibriados
Dithmenos
Fedhas
Gozag
Hepliaklqana
Kikubaaqudgha
Makhleb
Nemelex Xobeh
Okawaru
Qazlal
Ru
Uskayaw
Vehumet
Wu Jian
Xom
Yredelemnul
Zin
The Shining One

Annotations:
D:2 Sigmund
D:3 1 exclusion
D:4 Hekarica's ghost, amateur DESu


Innate Abilities, Weirdness & Mutations

You are very small and have problems with some larger weapons.
You are too small for most types of armour.
You have supernaturally acute eyesight. (SInv)
You are a herbivore.
You cover ground extremely quickly.
You need consume almost no food.


Message History

Hekarica's ghost is moderately damaged.
The quokka bites you.
* * * LOW HITPOINT WARNING * * *
You block the river rat's attack.
Hekarica's ghost mumbles some strange words.
The river rat completely misses you. The iron imp completely misses you.
The quokka closely misses you.
You barely miss Hekarica's ghost.
Hekarica's ghost is moderately damaged.
Hekarica's ghost mumbles some strange words.
The river rat closely misses you. The river rat bites you.
* * * LOW HITPOINT WARNING * * *
You block the iron imp's attack.
You hit Hekarica's ghost.
Hekarica's ghost is moderately damaged.
The quokka twitches its whiskers.
The quokka completely misses you. You block Hekarica's ghost's attack.
The river rat bites you!
You die...
Your body rises from the dead as a mindless zombie.

................#
.................
............s.W..## #
...............#...#.
........†......##...#
.##.......###'####..##
..........#.....###..##
..........#.###5#rb#..##
..........+.#>+r@W###..##
..........#.###r###
#...## ..........#.....#
##...# ..........###+###
##...# .##.......##.##
#....# #.###...##..##
###....# ..#
###......###......# ..
#...............#
#................#


You could see an iron imp, Hekarica's ghost, 2 river rats, a quokka and a bat.

Vanquished Creatures
  A centaur skeleton (D:4)
  A worker ant (D:4)
  3 adders
  2 oozes (D:2)
  A dart slug (D:1)
  3 leopard geckos
  4 orcs (D:3)
  2 giant cockroaches (D:2)
  11 goblins
  12 hobgoblins
  5 jackals
  4 quokkas
  A ball python (D:3)
  8 bats
  4 frilled lizards
  4 kobolds
  4 rats
70 creatures vanquished.

Notes
Turn   | Place    | Note
-------+----------+-------------------------------------------
     0 | D:1      | Hekarica the Spriggan Assassin began the quest for the Orb.
     0 | D:1      | Reached XP level 1. HP: 10/10 MP: 2/2
   570 | D:1      | Reached XP level 2. HP: 15/15 MP: 3/3
   654 | D:1      | Reached skill level 6 in Stealth
  1573 | D:2      | Reached XP level 3. HP: 18/18 MP: 4/4
  1582 | D:2      | Found a faded altar of an unknown god.
  1591 | D:2      | Became a worshipper of Yredelemnul the Dark
  1591 | D:2      | Reached * piety under Yredelemnul
  1917 | D:2      | Reached skill level 1 in Shields
  1953 | D:2      | Noticed Sigmund
  2004 | D:2      | Found a radiant altar of Vehumet.
  2132 | D:3      | Reached XP level 4. HP: 20/23 MP: 5/5
  2316 | D:3      | Noticed an ice beast
  2715 | D:3      | Reached ** piety under Yredelemnul
  3297 | D:4      | Found a sparkling altar of Nemelex Xobeh.
  3297 | D:4      | Found a shadowy altar of Dithmenos.
  3297 | D:4      | Noticed a two-headed ogre
  3304 | D:4      | Reached XP level 5. HP: 22/26 MP: 6/6
  3342 | D:4      | Noticed Hekarica's ghost (amateur DESu)
  3371 | D:4      | Found a staircase to the Ecumenical Temple.
  3383 | Temple   | Entered the Ecumenical Temple
  3601 | D:4      | Noticed an ogre
  3635 | D:4      | HP: 1/26 [iron imp[Hekarica's ghost] (2)]
  3640 | D:4      | HP: 1/26 [river rat[Hekarica's ghost] (1)]
  3641 | D:4      | Mangled by a river rat

Skill      XL: |  1  2  3  4  5 |
---------------+----------------+-----
Stealth        | 6 |  6.8
Fighting       | 2 |  2.0
Dodging        | 2 3 |  3.4
Shields        | 1 2 |  2.0
Short Blades   | 3 |  3.1
Throwing       | |  2.0
Invocations    | |  0.8

Action                   |  1- 3 |  4- 6 || total
-------------------------+-------+-------++-------
Melee: Dagger            |   132 |   146 ||   278
  Use: Scroll            |     7 |     3 ||    10
       Potion            |       |     3 ||     3
 Stab: Sleeping          |    11 |    10 ||    21
  Eat: Ration            |       |     1 ||     1
Armor: Robe              |    21 |    10 ||    31
Dodge: Dodged            |    76 |   134 ||   210
Block: Buckler           |    31 |    37 ||    68
